 Dungeon Crawl Stone Soup version 0.32-a0-996-gb3226c233f (webtiles) character file.

Game seed: 7854506071430008029

84 javelincjr the Caller (level 4, 0/33 HPs)
             Began as a Demigod Summoner on Apr 23, 2024.
             Slain by an ufetubus (4 damage)
             ... on level 3 of the Dungeon.
             The game lasted 00:14:13 (2350 turns).

javelincjr the Caller (Demigod Summoner)            Turns: 2350, Time: 00:14:14

Health: 0/33       AC:  3    Str:  9    XL:     4   Next: 4%
Magic:  7/10       EV: 11    Int: 21    God:
Gold:   167        SH:  0    Dex: 14    Spells: 1/7 levels left

rFire   . . .        f - +0 dagger
rCold   . . .        l - orb {*channel}
rNeg    . . .        a - +0 robe
rPois   .            (no helmet)
rElec   .            (no cloak)
rCorr   .            (no gloves)
SInv    .            p - +0 pair of boots
Will    .....        (no amulet)
Stlth   ++           (no ring)
HPRegen 0.25/turn    (no ring)
MPRegen 0.12/turn

%: channel magic (20%)
@: inugami summoned
A: high MP 1, forlorn, divine attributes
a: no special abilities


You were on level 3 of the Dungeon.
You visited 1 branch of the dungeon, and saw 3 of its levels.

You collected 167 gold pieces.

Inventory:

Hand Weapons
 f - a +0 dagger (weapon)
Missiles
 k - 5 boomerangs
 m - 2 poisoned darts
 q - 2 throwing nets
Armour
 a - a +0 robe (worn)
 l - an orb of energy (worn)
 p - a +0 pair of boots (worn)
Jewellery
 j - an amulet of guardian spirit
 s - a ring of poison resistance
Scrolls
 e - a scroll of teleportation {unknown}
 g - a scroll of vulnerability {unknown}
 h - a scroll of enchant weapon {unknown}
 o - a scroll of acquirement {unknown}
Potions
 b - a potion of magic
 c - 2 potions of attraction {unknown}
 d - 3 potions of curing {unknown}
 i - a potion of brilliance {unknown}
 n - a potion of berserk rage {unknown}
 r - a potion of enlightenment {unknown}
 t - a potion of might {unknown}


   Skills:
 + Level 2.4 Dodging
 + Level 2.6 Stealth
 * Level 2.4 Spellcasting
 * Level 4.1 Summonings


You had one spell level left.
You knew the following spells:

 Your Spells              Type           Power      Damage    Failure   Level
a - Summon Small Mammal   Summ           76%        N/A       10%         1
b - Call Imp              Summ           38%        N/A       12%         2
c - Call Canine Familiar  Summ           19%        N/A       21%         3

Your spell library contained the following spells:

 Spells                   Type           Power      Damage    Failure   Level
 Summon Blazeheart Golem  Fire/Summ      11%        N/A       73%         4
 Summon Lightning Spire   Summ/Air       11%        N/A       73%         4


Dungeon Overview and Level Annotations

Branches:
Dungeon (3/15)


Innate Abilities, Weirdness & Mutations

You have an increased reservoir of magic. (+10% MP)
You shall have no god before yourself.
Your divine heritage dramatically boosts your attributes as you level up.


Message History

You hit the frilled lizard.
You kill the frilled lizard!
No target in view!
No target in view!
No target in view!
Found a stone staircase leading up.
A rat comes into view.
You see here a fizzy black potion.
t - a fizzy black potion
Found a ring mail.
An ufetubus comes into view.
The ufetubus moves out of view.
You swap places.
An ufetubus comes into view.
Your cerulean imp disappears in a puff of smoke!
Found an emerald potion.
You hit the ufetubus but do no damage. The ufetubus slips past you!
The ufetubus hits you. x2
You hit the ufetubus.
The ufetubus is heavily wounded.
The ufetubus hits you but does no damage.
The ufetubus barely misses you. The ufetubus hits you. x4
You completely miss the ufetubus.
The ufetubus is moderately wounded.
The rat squeaks loudly.
You hear a shout!
The ufetubus hits you.
The ufetubus hits you but does no damage.
The ufetubus barely misses you. x2
Casting: Call Imp (safe; 12% risk of failure)
Confirm with . or Enter, or press ? or * to list all spells.
You call for your canine familiar and it appears with a howl!
The ufetubus barely misses you. The ufetubus hits you. x3
* * * LOW HITPOINT WARNING * * *
The ufetubus hits you.
* * * LOW HITPOINT WARNING * * *
The ufetubus hits you but does no damage.
The ufetubus hits you.
* * * LOW HITPOINT WARNING * * *
The ufetubus hits you.
You die...

.. #.........#. .
#..........
##........[###.. #
................. ######
###.....r.......#.##.....
...........#.##........#
###.....5................
#.......@.h..............
!##...#5#............[..
..##........#...........†#
............#....##.......
##.........##....##.......
#.#.......##....##.......
.....####..##...###.......
.........................#
.........#..#....####...##


You could see 2 ufetubi, a rat and a friendly inugami (summoned).

Vanquished Creatures
  A nameless horror (D:2)
  3 endoplasms
  A goblin (D:3)
  A hobgoblin (D:1)
  A jackal (D:2)
  A kobold (D:1)
  A quokka (D:1)
  2 ball pythons
  2 frilled lizards
  2 rats (D:1)
15 creatures vanquished.

Vanquished Creatures (collateral kills)
  2 adders
  7 bats
  4 endoplasms
  2 giant cockroaches
  4 goblins
  3 hobgoblins
  11 jackals
  3 kobolds
  A ball python (D:1)
  A frilled lizard (D:1)
  7 rats
45 creatures vanquished.

Grand Total: 60 creatures vanquished

Notes
Turn   | Place    | Note
-------+----------+-------------------------------------------
     0 | D:1      | javelincjr the Demigod Summoner began the quest for the
                  | Orb.
     0 | D:1      | Reached XP level 1. HP: 14/14 MP: 5/5
   289 | D:1      | Reached XP level 2. HP: 13/20 MP: 5/7
   294 | D:1      | Learned a level 2 spell: Call Imp
  1099 | D:2      | Reached XP level 3. HP: 26/26 MP: 3/8
  1707 | D:2      | Reached skill level 4 in Summonings
  1747 | D:2      | Learned a level 3 spell: Call Canine Familiar
  1844 | D:2      | Noticed a nameless horror
  1864 | D:2      | Killed a nameless horror
  2239 | D:3      | Reached XP level 4. HP: 27/33 MP: 8/10
  2350 | D:3      | Slain by an ufetubus

Illustrated notes

Levels and vault maps discovered:
D:1:      pf_arrival_petrified_forest, layout_basic,
          ebering_ecumenical_altar_webs, feat_on_display
D:2:      layout_basic
D:3:      layout_rooms, serial_shops, nicolae_shop_back_alley_shop

Skill      XL: |  1  2  3 |
---------------+----------+-----
Dodging        | 2 |  2.4
Stealth        | 2 |  2.6
Spellcasting   | 2 |  2.4
Summonings     | 4 |  4.1

Action                     |  1- 3 |  4- 6 || total
---------------------------+-------+-------++-------
  Melee: Dagger            |    79 |     9 ||    88
   Cast: Summon Small Mamm |    43 |       ||    43
         Call Imp          |    22 |     2 ||    24
         Call Canine Famil |     1 |     1 ||     2
   Stab: Sleeping          |     1 |       ||     1
         Distracted        |     3 |       ||     3
 Armour: Robe              |    69 |    27 ||    96
  Dodge: Dodged            |    66 |    12 ||    78

Table legend: (Time is in decaauts)
 A = Elapsed time spent in this place.
 B = Non-inter-level travel time spent in this place.
 C = Inter-level travel time spent in this place.
 D = Time resting spent in this place.
 E = Time spent auto-exploring this place.
 F = Levels seen in this place.
 G = Mean time per level.
                   A        B        C        D        E       F      G
               +--------+--------+--------+--------+--------+-----+--------+
         Total |   2350 |   2296 |     54 |    110 |   1701 |   3 |  783.3 |
       Dungeon |   2350 |   2296 |     54 |    110 |   1701 |   3 |  783.3 |
               +--------+--------+--------+--------+--------+-----+--------+

Top non-repeatable levels by time:
     D:1: 1158 daAuts
     D:2: 1014 daAuts
     D:3: 177 daAuts
